 Dungeon Crawl Stone Soup version 0.19.5 (webtiles) character file.

18 greprep the Caller (level 2, 0/15 HPs)
             Began as a Deep Elf Summoner on May 1, 2017.
             Slain by an adder (1 damage)
             ... on level 2 of the Dungeon.
             The game lasted 00:07:16 (1471 turns).

greprep the Caller (Deep Elf Summoner)              Turns: 1471, Time: 00:07:16

Health: 0/15       AC:  6    Str:  5    XL:     2   Next: 51%
Magic:  4/8        EV:  9    Int: 24    God:
Gold:   52         SH:  0    Dex: 15    Spells: 1 memorised, 7 levels left

rFire  . . .     SeeInvis .     (no weapon)
rCold  . . .     Gourm    .     n - +0 ring mail
rNeg   + . .     Faith    .     (no shield)
rPois  .         Spirit   .     l - +0 helmet
rElec  .         Reflect  .     (no cloak)
rCorr  .         Harm     .     (no gloves)
MR     .....                    (no boots)
Stlth  ++........               (no amulet)
                                (no ring)
                                j - ring of positive energy

@: brilliant, lethally poisoned (0 -> -4)
A: no striking features
a: no special abilities


You were on level 2 of the Dungeon.
You were not hungry.

You visited 1 branch of the dungeon, and saw 2 of its levels.

You collected 52 gold pieces.

Inventory:

Armour
 a - a +0 robe
 l - a +0 helmet (worn)
 n - a +0 ring mail (worn)
Jewellery
 j - a ring of positive energy (left hand)
Scrolls
 d - a scroll of fog {unknown}
 e - a scroll of amnesia {unknown}
 f - 2 scrolls of teleportation {unknown}
 i - a scroll of magic mapping
 k - a scroll of noise {unknown}
 o - 2 scrolls of fear {unknown}
Books
 b - a book of Callings

   Spells                             Type                      Level
   a - Summon Small Mammal            Summoning                    1
   b - Call Imp                       Summoning                    2
   c - Call Canine Familiar           Summoning                    3
   d - Summon Guardian Golem          Hexes/Summoning              3
   e - Summon Lightning Spire         Summoning/Air                4
   f - Summon Ice Beast               Ice/Summoning                4
Comestibles
 g - a royal jelly
 h - a beef jerky


   Skills:
 + Level 0.2 Armour
 + Level 2.5 Dodging
 + Level 2.5 Stealth
 + Level 3.5 Spellcasting
 + Level 4.8 Summonings


You had 7 spell levels left.
You knew the following spells:

 Your Spells              Type           Power        Failure   Level  Hunger
a - Summon Small Mammal   Summ           ####         1%          1    None


Dungeon Overview and Level Annotations

Branches:
Dungeon (2/15)

Altars:


Message History

* * * LOW HITPOINT WARNING * * *
You feel sick. The adder barely misses you.
Your quokka misses the adder.
Your magical contamination has completely faded away.
Your bat hits the adder but does no damage.
The adder bites you.
* * * LOW HITPOINT WARNING * * *
Your bat hits the adder.
It was a potion of brilliance.
You feel clever all of a sudden.
Your quokka disappears in a puff of smoke!
Your bat closely misses the adder.
Your bat misses the adder.
Your bat closely misses the adder.
The adder bites you but does no damage.
Your bat misses the adder.
You aren't carrying any potions.
As you read the scroll labeled ECOYQY TEABB, it crumbles to dust.
You feel aware of your surroundings.
You sensed 4 altars.
It was a scroll of magic mapping.
Your bat closely misses the adder.
Your bat misses the adder.
Your bat closely misses the adder.
The adder bites you.
You die...

*,8,,,8,* *,*,*,*,* **,,,,,**
*,*,*,*,* ***,*** *,*,*,*,*
**********,,* *,#<#,*,*
*,,,,,,,,*,,**##########.#.#.*,*
*,,,,,,,,+,,,,...............*,*
*,,,,,,,,**##########<.......,,,
*,,,,,,,,* #.................,,<
*,,,,,,,,* #b#.@.b.........##*,*
*,,,,,,,,* #.###S########### *,*
*******######.###b# *,,
,,,,,,........b...# ***
******#######.##### #.# #.# #.#
**#+#**********


You could see an adder and 2 friendly bats.

Vanquished Creatures
  4 rats (D:1)
4 creatures vanquished.

Vanquished Creatures (collateral kills)
  A ball python (D:1)
  4 bats (D:1)
  A giant cockroach (D:2)
  7 goblins (D:1)
  2 hobgoblins (D:1)
  A frilled lizard (D:1)
  3 kobolds (D:1)
  4 rats (D:1)
23 creatures vanquished.

Grand Total: 27 creatures vanquished

Notes
Turn   | Place    | Note
-------+----------+-------------------------------------------
     0 | D:1      | greprep the Deep Elf Summoner began the quest for the Orb.
     0 | D:1      | Reached XP level 1. HP: 10/10 MP: 6/6
   682 | D:1      | Reached XP level 2. HP: 14/15 MP: 6/8
  1471 | D:2      | Slain by an adder

Action                   || total
-------------------------++-------
Melee: Unarmed           ||    46
 Cast: Summon Small Mamm ||    42
  Use: Scroll            ||     1
       Potion            ||     1
 Stab: Sleeping          ||     1
  Eat: Bread ration      ||     1
Armor: Robe              ||     8
       Ring mail         ||    30
Dodge: Dodged            ||    58
